 Dungeon Crawl Stone Soup version 0.22-a0-618-gd6a3efe (webtiles) character file.

149 emperorscorpion the Caller (level 5, 0/28 HPs)
             Began as a Deep Elf Summoner on July 13, 2018.
             Was an Initiate of Cheibriados.
             Slain by an orc
             ... wielding a +0 club
              (2 damage)
             ... on level 6 of the Dungeon.
             The game lasted 00:07:44 (913 turns).

emperorscorpion the Caller (Deep Elf Summoner)       Turns: 913, Time: 00:07:44

Health: 0/28       AC:  9    Str:  6    XL:     5   Next: 9%
Magic:  0/14       EV: 13    Int: 22    God:    Cheibriados [......]
Gold:   120        SH:  0    Dex: 16    Spells: 8/14 levels left

rFire    . . .     SeeInvis .   i - +0 short sword
rCold    . . .     Gourm    .   (no shield)
rNeg     . . .     Faith    .   a - +0 robe
rPois    .         Spirit   .   (no helmet)
rElec    .         Reflect  .   e - +2 cloak
rCorr    .         Harm     .   b - +0 pair of gloves
MR       .....                  (no boots)
Stlth    ++........             (no amulet)
HPRegen  0.09/turn              j - +3 ring of protection
MPRegen  0.14/turn              (no ring)

@: very slow
A: no striking features
a: Bend Time, Renounce Religion


You were on level 6 of the Dungeon.
You worshipped Cheibriados.
Cheibriados was noncommittal.
You were not hungry.

You visited 2 branches of the dungeon, and saw 7 of its levels.

You collected 120 gold pieces.

Inventory:

Hand Weapons
 i - a +0 short sword (weapon)
Armour
 a - a +0 robe (worn)
 b - a +0 pair of gloves (worn)
 e - a +2 cloak (worn)
Jewellery
 j - a +3 ring of protection (left hand)
Scrolls
 h - a scroll of identify {unknown}
 k - a scroll of blinking {unknown}
 l - a scroll of teleportation {unknown}
Comestibles
 c - 2 rations
 d - 6 chunks of flesh


   Skills:
 + Level 0.4 Fighting
 - Level 0.3 Short Blades
 + Level 3.1 Dodging
 - Level 2.4 Stealth
 + Level 5.0 Spellcasting
 + Level 5.7 Summonings


You had 8 spell levels left.
You knew the following spells:

 Your Spells              Type           Power        Failure   Level  Hunger
a - Summon Small Mammal   Summ           ####         1%          1    None
b - Call Imp              Summ           ####....     1%          2    None
c - Call Canine Familiar  Summ           ####....     3%          3    ##.....

Your spell library contained the following spells:

 Spells                   Type           Power        Failure   Level  Hunger
 Summon Ice Beast         Ice/Summ       ###.....     30%         4    ####...
 Summon Lightning Spire   Summ/Air       ###.....     30%         4    ####...
 Summon Guardian Golem    Hex/Summ       ###.....     10%         3    ##.....


Dungeon Overview and Level Annotations

Branches:
Dungeon (6/15)             Temple (1/1) D:4

Altars:
Ashenzari
Cheibriados
Elyvilon
Fedhas
Hepliaklqana
Kikubaaqudgha
Makhleb
Nemelex Xobeh
Okawaru
Ru
Trog
Vehumet
Wu Jian
Xom
Yredelemnul

Annotations:
D:5 Blork the orc


Message History

You assume a fearsome visage.
The orc warrior looks frightened!
The orc looks frightened!
The worker ant looks frightened!
It was a scroll of fear.
Cornered, the orc turns to fight!
Found 6 gold pieces.
You hit the orc but do no damage. The orc misses you.
Casting: Call Imp (safe; 1% risk of failure)
Confirm with . or Enter, or press ? or * to list all spells.
The orc barely misses you.
You hit the orc.
The orc is heavily wounded.
The orc barely misses you.
You hit the orc but do no damage.
The orc is heavily wounded.
Your hound closely misses the orc.
Your hound barely misses the orc.
The orc hits you but does no damage.
You barely miss the orc.
The orc is heavily wounded.
Your hound barely misses the orc.
The orc hits you with a club.
You die...

....######.#######.....########
.....)a.........##............#
....###o........###'#'#######.#
....# #.........###.#.##....#.#
!...# #..........##.#.##.##.#.#
..... #.#........##.#....<..#.#
..... #..........##.#########.#
..... ##.......ho##...........#
.....# #........@##############
............$.....
##.....###.####### #..... #.#
..... #.# .. #.# #.# #.#


You could see an orc and a friendly hound.

Vanquished Creatures
  A bullfrog (D:4)
  A worker ant (D:5)
  An adder skeleton (D:4)
  A hobgoblin (D:2)
  A frilled lizard (D:4)
  2 rats
7 creatures vanquished.

Vanquished Creatures (collateral kills)
  An ice beast (D:5)
  An iguana (D:4)
  An adder (D:4)
  A dart slug (D:2)
  2 orcs (D:6)
  A goblin (D:1)
  2 hobgoblins
  6 jackals (D:4)
  A kobold (D:3)
  A quokka (D:3)
  2 bats
  A frilled lizard (D:2)
  A leopard gecko skeleton (D:4)
  2 rats
23 creatures vanquished.

Grand Total: 30 creatures vanquished

Notes
Turn   | Place    | Note
-------+----------+-------------------------------------------
     0 | D:1      | emperorscorpion the Deep Elf Summoner began the quest for the Orb.
     0 | D:1      | Reached XP level 1. HP: 10/10 MP: 6/6
   273 | D:2      | Reached XP level 2. HP: 4/15 MP: 5/8
   300 | D:2      | Learned a level 2 spell: Call Imp
   470 | D:5      | Entered Level 5 of the Dungeon
   507 | D:5      | Noticed Blork the orc
   575 | D:5      | Noticed an ice beast
   578 | D:5      | Noticed an ice beast
   629 | D:4      | Reached skill level 5 in Summonings
   629 | D:4      | Reached XP level 3. HP: 15/19 MP: 3/10
   663 | D:4      | Learned a level 3 spell: Call Canine Familiar
   668 | D:4      | Found a staircase to the Ecumenical Temple.
   677 | Temple   | Entered the Ecumenical Temple
   727 | Temple   | Became a worshipper of Cheibriados the Contemplative
   757 | D:4      | Noticed a bullfrog
   764 | D:4      | Killed a bullfrog
   764 | D:4      | Reached XP level 4. HP: 19/24 MP: 8/12
   805 | D:5      | Killed an ice beast
   805 | D:5      | Reached XP level 5. HP: 27/28 MP: 2/14
   871 | D:6      | Noticed an orc warrior
   878 | D:6      | Reached skill level 5 in Spellcasting
   900 | D:6      | HP: 1/28 [orc warrior/hand axe of chopping (3)]
   913 | D:6      | Slain by an orc

Vault maps used:
D:1:      minmay_arrival_diagonal_passages, due_unseen_surprise
D:2:      grunt_ministairs_9
D:3:      led_xom_imps, uniq_grinder, uniq_robin, uniq_crazy_yiuf_cottage
D:4:      grunt_qazlal_clouds, grunt_gozag_statues, kennysheep_little_box,
          minmay_temple_entry_glassed_door, ebering_ghost_rock_garden,
          first_ration
D:5:      uniq_blork_the_orc
D:6:      serial_shops, shop, dk_noncrumbling_4, serial_bayou_lagoon_b
Temple:   eino_wide_crystal_templ

Skill      XL: |  1  2  3  4  5 |
---------------+----------------+-----
Summonings     | 5 |  5.7
Dodging        | 3 |  3.1
Spellcasting   | 4 5 |  5.0
Fighting       | |  0.4
Short Blades   | |  0.3
Stealth        | |  2.4

Action                   |  1- 3 |  4- 6 || total
-------------------------+-------+-------++-------
Melee: Unarmed           |    16 |       ||    16
       Short sword       |    12 |    14 ||    26
 Cast: Summon Small Mamm |    13 |       ||    13
       Call Imp          |    13 |     7 ||    20
       Call Canine Famil |     1 |     6 ||     7
  Use: Potion            |       |     2 ||     2
       Scroll            |       |     1 ||     1
 Stab: Distracted        |     1 |       ||     1
  Eat: Chunk             |       |     1 ||     1
Armor: Robe              |    12 |     4 ||    16
Dodge: Dodged            |    21 |    11 ||    32

Table legend:
 A = Spawn XP
 B = Non-spawn XP
 C = Spawn XP percentage of total XP
 D = Spawn monster count
 E = Non-spawn monster count
 F = Spawn count percentage of total count
 G = Total turns spent on level
                    A         B        C        D         E        F      G
               +---------+---------+-------+---------+---------+-------+---------
         Total |       0 |     214 |   0.0 |       0 |      30 |   0.0 |   913
               +---------+---------+-------+---------+---------+-------+---------
           D:1 |       0 |       3 |   0.0 |       0 |       3 |   0.0 |   177
           D:2 |       0 |      10 |   0.0 |       0 |       7 |   0.0 |   126
           D:3 |       0 |       4 |   0.0 |       0 |       4 |   0.0 |    97
           D:4 |       0 |     105 |   0.0 |       0 |      12 |   0.0 |   205
           D:5 |       0 |      88 |   0.0 |       0 |       2 |   0.0 |   152
           D:6 |       0 |       4 |   0.0 |       0 |       2 |   0.0 |    98
               +---------+---------+-------+---------+---------+-------+---------
